cohdb
Replays
Latest Replays
All Replays
Popular Replays
Top Player Replays
Match Explorer
How It Works
Community
CoH3 Stats
Reddit
Sign in to upload your games and track your stats! →
Sign in with Steam
Match 40785940
Unlisted
Match 40785940
Overview
Messages
Build Orders
End
Construct Barracks
Selects Special Operations Battlegroup
Selects M29 Weasel Recon Vehicle
M29 Weasel Recon Vehicle
Riflemen Squad
Riflemen Squad
Grenade Package
Riflemen Squad
Selects Raiding Flares
Construct Medical Station
Mechanized Support Center
Construct Motor Pool
Selects SSF Commando Squad
M24 Chaffee Light Tank
Engineer Squad
M1918 Browning Automatic Rifles
Designate Forward Repair Station
M3 75 mm Gun Motor Carriage
SSF Commando Squad
Raiding Flares
Selects Mark Vehicle
Selects UNKNOWN (2162291)
Construct Tank Depot
Jaremir
MZMZ
jerjawe
Gendalf
Liet
[PMT]Reza Rommel
0
0
Comments
sign in to comment!
No comments posted yet!